 Dungeon Crawl Stone Soup version 0.18.1-48-g4cf74bf (webtiles) character file.

472 Krapald the Ducker (level 6, -6/61 HPs)
             Began as a Troll Fighter on July 16, 2016.
             Was a Believer of Pakellas.
             Killed from afar by an orc wizard (9 damage)
             ... with a puff of frost
             ... on level 4 of the Dungeon.
             The game lasted 00:22:30 (2681 turns).

Krapald the Ducker (Troll Fighter)                  Turns: 2681, Time: 00:22:32

Health: -6/61      AC:  5    Str: 23 (26) XL:     6   Next: 83%
Magic:  5/5        EV:  9    Int:  2 (4)  God:    Pakellas [**....]
Gold:   123        SH:  9    Dex:  9 (10) Spells: 0 memorised, 5 levels left

rFire  . . .     SeeInvis .     u - +0 trident
rCold  . . .     Gourm    +     a - +0 robe
rNeg   . . .     Faith    .     b - +0 shield
rPois  .         Spirit   .     (helmet restricted)
rElec  .         Dismiss  .     (no cloak)
rCorr  .         Reflect  .     (gloves unavailable)
SustAt .         Harm     .     (boots unavailable)
MR     .....                    (no amulet)
Stlth  +.........               (no ring)
                                (no ring)

@: not resistant to hostile enchantments, very unstealthy
A: unfitting armour, claws 3, fast metabolism 3, gourmand, regeneration 2,
shaggy fur 1, tough skin 2
a: Quick Charge, Renounce Religion


You were on level 4 of the Dungeon.
You worshipped Pakellas.
Pakellas was pleased with you.
You were full.

You visited 1 branch of the dungeon, and saw 5 of its levels.

You collected 181 gold pieces.
You spent 58 gold pieces at shops.

Inventory:

Hand Weapons
 l - a +0 hunting sling
 m - a +0 spear
 t - a +0 shortbow
 u - a +0 trident (weapon)
 w - a +0 falchion
 E - a +0 mace
 F - a +1 hand axe of electrocution
 G - a +0 hand axe
 H - a +0 morningstar
 K - the +3 hand axe of Tufuos {elec, Int+4 Stlth+}
   (You found it on level 4 of the Dungeon)

   Occasionally, upon striking a foe, it will discharge some electrical energy
   and cause terrible harm.
   It affects your intelligence (+4).
   It makes you more stealthy.
 N - a +0 giant spiked club
Armour
 a - a +0 robe (worn)
 b - a +0 shield (worn)
 n - a +2 scale mail of cold resistance
 y - a +0 pair of boots
 M - a +0 helmet
Jewellery
 s - a +3 ring of intelligence {unknown}
 B - an uncursed amulet of regeneration {unknown}
 C - a cursed ring of loudness {unknown}
Wands
 h - a wand of iceblast (6/15)
 i - a wand of polymorph (24/24)
 J - a wand of flame (47/48)
Scrolls
 e - a scroll of recharging
 g - 3 scrolls of remove curse
 k - a scroll of teleportation
 o - a scroll of fog {unknown}
 v - a scroll of random uselessness {unknown}
 L - a scroll of magic mapping {unknown}
Potions
 c - 3 potions of might
 q - a potion of brilliance {unknown}
 r - a potion of flight {unknown}
 A - a potion of degeneration
 D - a potion of curing
Miscellaneous
 I - a box of beasts
Comestibles
 d - 3 bread rations
 f - a beef jerky
 j - 4 fruits
 p - 3 meat rations


   Skills:
 + Level 3.5 Fighting
 + Level 4.1 Dodging
 + Level 1.0 Stealth
 + Level 3.6 Shields
 + Level 3.7 Unarmed Combat
 + Level 0.2 Evocations


You had 5 spell levels left.
You didn't know any spells.

Dungeon Overview and Level Annotations

Branches:
Dungeon (5/15)
 Temple: D:4-7

Altars:
Nemelex Xobeh
Pakellas
Trog

Shops:
D:4 ?

Annotations:
D:3 Grinder


Innate Abilities, Weirdness & Mutations

You are too large for most types of armour.
You have claws for hands.
Your metabolism is lightning-fast.
You like to eat raw meat.
You heal very quickly.
You are covered in fur (AC +1).
You have very tough skin (AC +2).


Message History

* * * LOW HITPOINT WARNING * * *
The orc wizard gestures at you while chanting.
You block the puff of flame.
The orc wizard gestures at you while chanting.
The puff of frost hits you!
* * * LOW HITPOINT WARNING * * *
The orc wizard points at you and mumbles some strange words.
The puff of flame hits you!
* * * LOW HITPOINT WARNING * * *
You block the orc wizard's attack. The orc wizard hits you with a dagger.
* * * LOW HITPOINT WARNING * * *
The orc wizard miscasts a cantrip.
The orc wizard points at you and mumbles some strange words.
The magic dart hits you!
* * * LOW HITPOINT WARNING * * *
The orc wizard gestures at you while chanting.
The puff of frost hits you!
You die...
Pakellas says: That's one more possible approach eliminated.

......#....#....#...#### #..##..
......#.#######.#......#####.##..
.......## #####.#.#.##........#..
.⌠...⌠..###.........##.######.#..
...(.....#................###....
...⌠.....##.#.###.#.##.##........
<.....<..##.#.# #.#....####.##...
..(⌠.....##.#.###...##.####......
.........#....∩.@..o.o.).######..
.⌠...⌠..###.##########.####.....>
.......##.#.#####.o.............#
#####.....#.#...#.####.##.......#
#.....#.#.<.#.# #..........#
#.....#.#...#.####.###......#
#######.'...#...............#
###...######.###......# #...# ###
#......#


You could see an orc wizard and an orc.

Vanquished Creatures
  An ogre (D:4)
  A hound (D:4)
  2 centaur skeletons (D:4)
  2 orc wizards (D:4)
  An iguana (D:4)
  Terence (D:3)
  2 worker ants (D:4)
  A hound skeleton (D:4)
  5 adders
  An adder zombie (D:5)
  3 adder skeletons (D:4)
  A worm (D:4)
  A dart slug (D:1)
  2 giant geckos (D:4)
  8 orcs
  2 ball pythons
  A giant cockroach (D:4)
  6 goblins
  7 hobgoblins
  8 jackals (D:1)
  A quokka (D:3)
  4 bats
  4 giant newts
  2 kobolds
  11 rats
78 creatures vanquished.

Notes
Turn   | Place    | Note
--------------------------------------------------------------
     0 | D:1      | Krapald the Troll Fighter began the quest for the Orb.
     0 | D:1      | Reached XP level 1. HP: 22/22 MP: 0/0
    35 | D:1      | Reached XP level 2. HP: 23/29 MP: 1/1
   462 | D:2      | Reached XP level 3. HP: 36/36 MP: 2/2
  1381 | D:3      | Reached skill level 3 in Dodging
  1390 | D:3      | Found a faded altar to an unknown god.
  1423 | D:3      | Became a worshipper of Pakellas the Inventive
  1423 | D:3      | Reached * piety under Pakellas
  1423 | D:3      | Received a gift from Pakellas
  1464 | D:3      | Noticed Terence
  1484 | D:3      | Killed Terence
  1484 | D:3      | Reached XP level 4. HP: 4/45 MP: 1/3
  1574 | D:3      | Noticed Grinder
  1574 | D:3      | Paralysed by Grinder for 6 turns
  1585 | D:3      | Paralysed by Grinder for 7 turns
  1701 | D:3      | Found a bloodstained altar of Trog.
  1731 | D:4      | Found Emnum's Magic Scroll Boutique.
  1735 | D:4      | Bought a scroll of fear for 45 gold pieces
  1735 | D:4      | Bought a scroll of noise for 13 gold pieces
  1795 | D:4      | Reached XP level 5. HP: 49/53 MP: 4/4
  2102 | D:4      | Reached ** piety under Pakellas
  2102 | D:4      | Received a gift from Pakellas
  2114 | D:4      | Reached XP level 6. HP: 30/61 MP: 5/5
  2158 | D:4      | Got a faintly glowing hand axe
  2313 | D:4      | Reached skill level 4 in Dodging
  2313 | D:4      | Reached skill level 1 in Stealth
  2324 | D:4      | Found a sparkling altar of Nemelex Xobeh.
  2416 | D:4      | Identified the +3 hand axe of Tufuos {elec, Int+4 Stlth+} (You found it on level 4 of the Dungeon)
  2421 | D:5      | Entered Level 5 of the Dungeon
  2439 | D:5      | HP: 3/61 [orc wizard/dagger (3)]
  2681 | D:4      | HP: 3/61 [orc wizard/magic dart (8)]
  2681 | D:4      | Killed from afar by an orc wizard

Skill      XL: |  1  2  3  4  5  6 |
---------------+-------------------+-----
Dodging        | 3 4 |  4.1
Fighting       | 3 |  3.5
Shields        | 3 |  3.6
Unarmed Combat | 3 |  3.7
Stealth        | 1 |  1.0
Evocations     | |  0.2

Action                   |  1- 3 |  4- 6 || total
-------------------------+-------+-------++-------
Melee: Unarmed           |   127 |   114 ||   241
       Trident           |       |    15 ||    15
Invok: Quick Charge      |     1 |       ||     1
  Use: Scroll            |       |     5 ||     5
       Potion            |       |     2 ||     2
 Stab: Sleeping          |     2 |     2 ||     4
  Eat: Chunk             |    17 |    11 ||    28
Armor: Robe              |    53 |    28 ||    81
Dodge: Dodged            |    45 |    55 ||   100
Block: Shield            |    49 |    71 ||   120
